Map: Submarine LE

Players

Serral - Winner!

  • Race: Zerg Zerg
  • League: Master
  • Spawn Location: 11:00

Reynor

  • Race: Zerg Zerg
  • League: Master
  • Spawn Location: 5:00

Event: DreamHack SC2 Masters 2020 Winter

VOD

Have the link to the VOD?

Description

Time

  • Played on: Nov. 7, 2020, 1:16 p.m.
  • Length: 14:48

All games in this series

Show
View Real Time Build Order
Export as new Build Order

Serral Zerg - Winner!

Build Orders: Pool First 

Get SALT Encoding   

  12  0:00  Drone  
  13  0:12  Overlord  
  13  0:16  Drone  
  14  0:30  Drone x2  
  14  0:34  Drone  
  17  0:44  Spawning Pool  
  17  0:47  Drone  
  17  1:06  Hatchery  
  17  1:09  Drone  
  17  1:11  Extractor  
  17  1:14  Drone  
  17  1:18  Drone  
  18  1:27  Drone  
  18  1:31  Queen  
  21  1:37  Overlord  
  21  1:49  Zergling x2  
  22  1:59  Zergling x2  
  23  2:07  Queen  
  25  2:10  Drone  
  25  2:12  Metabolic Boost  
  26  2:18  Drone, Queen  
  29  2:23  Drone  
  30  2:33  Zergling x2  
  30  2:34  Drone  
  32  2:38  Baneling Nest  
  32  2:41  Drone x3  
  34  2:45  Overlord  
  34  2:49  Drone  
  35  2:56  Drone  
  36  3:06  Hatchery  
  36  3:08  Zergling x2  
  36  3:12  Zergling x2  
  37  3:15  Zergling x4  
  37  3:18  Drone  
  40  3:23  Zergling x4  
  40  3:25  Baneling x2  
  42  3:28  Overlord  
  42  3:33  Zergling x4  
  44  3:43  Baneling x2  
  43  3:51  Zergling x6  
  46  3:58  Baneling x2  
  46  3:59  Zergling x6  
  49  4:04  Drone x2  
  49  4:06  Zergling x2  
  49  4:07  Evolution Chamber  
  51  4:11  Zergling x2  
  51  4:12  Baneling  
  50  4:18  Zergling x4  
  50  4:19  Drone x2  
  50  4:23  Drone  
  52  4:31  Drone x6  
  58  4:33  Zerg Missile Weapons Level 1  
  58  4:45  Roach Warren  
  57  4:46  Queen, Extractor  
  57  4:49  Overlord  
  57  4:52  Overlord  
  57  4:58  Overlord  
  57  5:06  Drone x2  
  58  5:10  Drone x3  
  58  5:12  Drone x2  
  58  5:13  Extractor  
  62  5:14  Overlord  
  62  5:21  Drone x2  
  62  5:23  Drone x2  
  62  5:24  Drone x2  
  68  5:29  Baneling x2  
  68  5:30  Lair  
  68  5:31  Drone  
  68  5:34  Drone x2  
  71  5:39  Baneling  
  71  5:40  Baneling  
  71  5:41  Drone x3  
  71  5:42  Drone  
  75  5:48  Overlord  
  75  5:49  Drone x3  
  77  5:51  Drone x2  
  77  5:55  Overlord  
  79  5:57  Overlord  
  79  6:00  Overlord  
  79  6:04  Drone x3  
  82  6:07  Extractor  
  82  6:08  Extractor, Roach  
  82  6:13  Roach x3  
  82  6:14  Roach  
  85  6:20  Roach  
  85  6:21  Roach  
  85  6:23  Roach  
  90  6:28  Glial Reconstitution  
  90  6:29  Zerg Missile Weapons Level 2  
  90  6:31  Roach  
  92  6:34  Overlord  
  92  6:35  Spine Crawler  
  92  6:36  Roach  
  97  6:40  Roach x2  
  97  6:43  Roach  
  97  6:45  Spine Crawler  
  98  6:48  Baneling x2  
  98  6:53  Roach x3  
  106  6:54  Roach x2  
  106  6:58  Roach  
  106  7:00  Roach  
  106  7:01  Roach  
  112  7:02  Roach  
  112  7:07  Roach x3  
  113  7:10  Roach  
  113  7:12  Roach  
  104  7:16  Roach x2  
  104  7:17  Roach  
  104  7:18  Zergling x8  
  104  7:22  Roach x2  
  108  7:24  Roach  
  98  7:33  Roach x3  
  98  7:35  Roach x2  
  100  7:38  Baneling  
  100  7:39  Baneling, Roach  
  100  7:42  Roach  
  100  7:43  Queen  
  103  7:45  Roach  
  103  7:47  Roach  
  98  7:55  Queen x2  
  98  7:57  Overseer  
  100  8:03  Roach x4  
  107  8:12  Overlord  
  107  8:19  Roach x4  
  111  8:27  Roach x3  
  116  8:37  Roach  
  116  8:38  Roach x2  
  122  8:44  Ravager  
  122  8:45  Ravager  
  122  8:46  Overlord  
  122  8:47  Roach  
  126  8:51  Zerg Ground Armor Level 1  
  126  8:54  Drone x2  
  126  8:55  Drone, Extractor  
  128  8:57  Burrow  
  128  8:58  Roach  
  128  9:02  Roach x2  
  134  9:04  Overlord  
  134  9:05  Overlord  
  134  9:08  Roach x3  
  140  9:11  Overlord  
  140  9:12  Overseer  
  141  9:17  Drone  
  141  9:18  Drone  
  141  9:21  Roach  
  141  9:22  Roach  
  146  9:25  Roach x3  
  146  9:28  Overlord  
  152  9:31  Ravager  
  152  9:32  Ravager x2  
  152  9:35  Roach x4  
  163  9:38  Overlord  
  163  9:43  Roach x2  
  164  9:54  Roach x6  
  161  10:03  Roach  
  161  10:04  Roach x2  
  162  10:10  Ravager  
  162  10:11  Roach x31  
  163  10:17  Roach x4  
  171  10:22  Tunneling Claws  
  171  10:25  Roach x2  
  175  10:31  Roach x3  
  181  10:37  Overlord  
  181  10:39  Overlord  
  181  10:48  Overlord  
  181  10:56  Roach x2  
  185  10:57  Ravager x2  
  185  11:02  Hatchery  
  185  11:03  Roach  
  185  11:04  Roach x2  
  192  11:13  Roach  
  192  11:14  Roach x3  
  196  11:19  Ravager  
  196  11:23  Roach  
  199  11:28  Roach x7  
  197  11:33  Zerg Ground Armor Level 2  
  197  11:37  Roach x7  
  191  11:41  Roach x4  
  191  11:46  Roach x4  
  199  11:50  Roach x5  
  199  11:51  Roach x2  
  191  12:02  Roach x5  
  191  12:03  Roach x3  
  191  12:04  Roach x2  
  195  12:13  Roach x3  
  195  12:15  Roach x3  
  195  12:16  Roach x2  
  195  12:22  Roach x5  
  199  12:28  Roach x37  
  192  12:33  Roach x5  
  177  12:38  Roach x5  
  177  12:41  Roach  
  183  12:45  Roach x7  
  183  12:50  Roach x2  
  180  12:54  Roach x4  
  180  12:56  Ravager x5  
  189  13:00  Roach  
  189  13:01  Roach  
  189  13:02  Roach x3  
  189  13:03  Ravager x3  
  189  13:04  Roach x4  
  196  13:07  Roach  
  189  13:13  Roach x4  
  191  13:20  Roach x2  
  191  13:21  Roach  
  191  13:25  Roach x29  
  191  13:26  Roach x3  
  178  13:28  Roach x3  
  178  13:29  Roach  
  178  13:30  Roach x3  
  182  13:41  Roach x5  
  182  13:45  Ravager  
  182  13:48  Roach x4, Ravager x2  
  185  13:49  Roach x2  
  189  13:58  Roach x3  
  193  14:05  Roach x3  
  193  14:07  Roach x2  
  195  14:17  Roach  
  195  14:23  Roach x6  
Show
View Real Time Build Order
Export as new Build Order

Reynor Zerg 

Build Orders: Pool First 

Get SALT Encoding   

  12  0:00  Drone  
  13  0:12  Overlord  
  13  0:16  Drone  
  14  0:30  Drone  
  14  0:31  Drone  
  16  0:39  Spawning Pool  
  15  0:43  Drone  
  15  0:47  Drone  
  17  1:08  Hatchery  
  17  1:10  Drone  
  17  1:15  Drone  
  17  1:17  Extractor  
  17  1:26  Zergling x2  
  17  1:28  Zergling x2  
  19  1:33  Queen  
  19  1:39  Overlord  
  21  1:49  Drone  
  22  2:00  Drone  
  23  2:09  Queen  
  23  2:11  Drone  
  26  2:20  Drone, Metabolic Boost  
  26  2:22  Drone  
  28  2:30  Drone  
  28  2:32  Drone  
  30  2:40  Hatchery  
  30  2:43  Drone  
  30  2:45  Drone  
  30  2:48  Drone  
  31  2:55  Overlord  
  31  2:57  Zergling x2  
  31  2:58  Zergling x2  
  33  3:00  Zergling x2  
  33  3:02  Drone  
  35  3:09  Baneling Nest  
  35  3:10  Zergling x2  
  35  3:15  Zergling x4  
  35  3:16  Zergling x2  
  35  3:19  Drone  
  39  3:22  Overlord  
  39  3:28  Zergling x2  
  39  3:30  Zergling x2  
  41  3:35  Zergling x4  
  41  3:39  Overlord  
  43  3:42  Zergling x2  
  43  3:43  Zergling x2  
  43  3:47  Queen  
  47  3:53  Zergling x6  
  48  4:01  Zergling x2  
  48  4:03  Baneling x2  
  48  4:04  Zergling x6  
  48  4:07  Zergling x2  
  48  4:08  Zergling x2  
  53  4:12  Zergling x2  
  53  4:15  Baneling x2  
  52  4:17  Drone x2  
  52  4:22  Drone  
  51  4:25  Drone  
  51  4:27  Drone  
  51  4:31  Drone x3  
  56  4:34  Drone  
  56  4:37  Drone  
  58  4:38  Evolution Chamber  
  58  4:39  Overlord  
  57  4:49  Drone x3  
  60  4:54  Drone x2  
  60  4:55  Drone  
  60  4:57  Extractor x2  
  60  4:58  Drone x4  
  65  5:04  Drone  
  65  5:05  Drone  
  65  5:06  Drone, Zerg Missile Weapons Level 1  
  66  5:14  Drone x2  
  68  5:16  Roach Warren  
  68  5:17  Drone  
  68  5:19  Drone  
  68  5:22  Drone  
  68  5:23  Drone  
  68  5:24  Drone x2  
  68  5:26  Overlord  
  68  5:28  Drone  
  73  5:31  Overlord  
  73  5:34  Baneling x2  
  73  5:44  Overlord  
  73  5:49  Overlord  
  73  5:50  Baneling x2  
  73  5:51  Overlord  
  73  5:58  Overlord  
  73  6:02  Roach x9  
  91  6:08  Roach x2  
  91  6:10  Drone x4  
  99  6:15  Overlord  
  98  6:20  Roach  
  98  6:23  Roach x4  
  98  6:24  Zergling x2  
  104  6:30  Zergling x2  
  105  6:33  Zergling x2  
  105  6:35  Zergling x2  
  105  6:36  Extractor  
  105  6:38  Ravager  
  107  6:40  Zergling x6  
  107  6:41  Zergling x2  
  107  6:45  Zergling x2, Ravager  
  107  6:46  Zergling x2  
  112  6:50  Zergling x6  
  112  6:53  Ravager  
  116  6:59  Zergling x6  
  114  7:04  Zergling x2  
  110  7:09  Zergling x8, Roach  
  110  7:11  Zergling x2  
  110  7:13  Lair  
  110  7:14  Zergling x2, Roach  
  107  7:16  Zergling x2  
  107  7:19  Roach  
  107  7:20  Zergling x6, Roach  
  105  7:28  Roach  
  105  7:29  Roach, Zergling x2  
  102  7:39  Zerg Ground Armor Level 1  
  102  7:40  Drone x4  
  102  7:42  Drone  
  102  7:43  Zergling x6  
  102  7:47  Zergling x6  
  102  7:48  Drone  
  96  7:54  Roach x2  
  96  7:58  Extractor, Roach  
  94  8:02  Roach  
  94  8:03  Roach  
  98  8:06  Roach x2  
  98  8:09  Roach x2  
  98  8:12  Glial Reconstitution  
  105  8:13  Roach x3, Zergling x2  
  105  8:19  Zergling x10  
  115  8:27  Roach  
  115  8:30  Roach x2  
  120  8:34  Roach x2  
  120  8:35  Roach  
  120  8:39  Roach x2  
  130  8:41  Overlord x2  
  130  8:43  Overlord  
  130  8:45  Hatchery  
  127  8:50  Roach  
  127  8:51  Overlord  
  129  8:59  Roach x2  
  129  9:00  Roach x3  
  129  9:02  Roach  
  139  9:03  Ravager  
  139  9:04  Ravager x2  
  139  9:05  Roach  
  139  9:07  Extractor  
  139  9:09  Drone x4  
  146  9:12  Roach x2  
  146  9:13  Roach  
  146  9:14  Roach x2  
  156  9:19  Roach x2  
  160  9:25  Roach, Overlord  
  162  9:34  Overlord  
  162  9:35  Overlord  
  162  9:43  Queen  
  164  9:51  Roach x8  
  155  10:00  Baneling  
  155  10:05  Roach x7  
  162  10:12  Roach x4  
  165  10:16  Zerg Missile Weapons Level 2, Roach  
  165  10:18  Roach x2  
  165  10:20  Ravager x2  
  175  10:21  Roach  
  175  10:24  Roach, Ravager  
  175  10:27  Roach  
  180  10:29  Roach  
  180  10:30  Roach  
  180  10:31  Roach  
  186  10:38  Roach x2  
  186  10:39  Roach  
  186  10:41  Overlord  
  186  10:42  Overlord  
  192  10:44  Overlord  
  192  10:47  Overlord  
  192  11:05  Ravager x2  
  192  11:08  Roach x3  
  200  11:15  Spine Crawler  
  195  11:20  Roach x2  
  195  11:21  Burrow  
  196  11:39  Overseer  
  191  11:41  Roach x6  
  191  11:42  Roach x2  
  191  11:43  Overseer  
  191  11:48  Roach x4  
  191  11:49  Overseer x2  
  174  12:01  Roach x13  
  174  12:07  Roach x2  
  182  12:19  Roach Warren  
  121  12:41  Drone x12  
  122  12:59  Ravager x2  
  122  13:01  Roach x6  
  122  13:02  Ravager x3  
  122  13:05  Roach x3  
  144  13:11  Roach  
  146  13:16  Roach x3  
  131  13:28  Roach x5  
  131  13:33  Roach x19  
  126  13:39  Roach x2  
  128  13:44  Roach x2  
  134  13:48  Roach  
  134  13:49  Roach  
  138  13:55  Roach  
  138  13:56  Roach  
  138  14:00  Roach  
  142  14:06  Roach x2  
  145  14:16  Roach x3  
  144  14:18  Roach  
  129  14:26  Roach x3  
Tags
 
Add a new tag
Caveats
  • Supply blocks, unpowered buildings, or Contaminate may cause inaccurate times.
  • Supply counts are checked every 10 seconds.